[Event "Team 45 45 League T54"]
[Site "Internet Chess Club"]
[Date "2012.09.09"]
[Round "4"]
[White "LukeOZade"]
[Black "CheeryCherry"]
[Result "0-1"]
[WhiteElo "1636"]
[BlackElo "1653"]
[Opening "Scandinavian: Marshall variation"]
[ECO "B01"]
[Time "12:23:03"]
[TimeControl "2700+45"]

1. e4 d5 2. exd5 Nf6 3. d4 Nxd5 4. c4 Nb6 5. Nf3 g6 6. Be3 Bg7 7. Nc3 O-O 8. Qd2
Bf5 9. Bh6 Re8 10. Bxg7 Kxg7 11. Nh4 e6 12. Nf3 Nc6 13. Be2 Bg4 14. c5 Bxf3 15.
cxb6 Bxg2 16. Rg1 Bd5 17. bxc7 Qxc7 18. O-O-O Ne7 19. Kb1 Qxh2 20. Bc4 Qh4 21.
Ka1 Red8 22. Nxd5 Nxd5 23. Rh1 Qf4 24. Qe2 Nb6 25. Bb3 Rxd4 26. Rdg1 Rc8 27. a3
h6 {White resigns} 0-1

[Event "Team 45 45 League T54"]
[Site "Internet Chess Club"]
[Date "2012.09.08"]
[Round "4"]
[White "Whalen"]
[Black "doublepar"]
[Result "1-0"]
[WhiteElo "1682"]
[BlackElo "1607"]
[Opening "Nimzo-Indian: Reshevsky variation"]
[ECO "E46"]
[Time "13:00:39"]
[TimeControl "2700+45"]

1. d4 Nf6 2. c4 e6 3. Nc3 Bb4 4. e3 O-O 5. Ne2 d5 6. a3 Be7 7. cxd5 Nxd5 8. Bd2
Nc6 9. g3 Nb6 10. Bg2 e5 11. d5 Nb8 12. O-O c6 13. Qb3 cxd5 14. Nxd5 Be6 15.
Nxe7+ Qxe7 16. Bb4 Bxb3 17. Bxe7 Re8 18. Bb4 Nc6 19. Rfc1 Bd5 20. Nc3 Bxg2 21.
Kxg2 Nxb4 22. axb4 Nc4 23. Nb5 Nd2 24. Rc7 a6 25. Nd6 Rf8 26. Rd1 Nb3 27. Rc3
{Black resigns} 1-0

[Event "Team 45 45 League T54"]
[Site "Internet Chess Club"]
[Date "2012.09.08"]
[Round "4"]
[White "rahulr"]
[Black "kingsleywang"]
[Result "0-1"]
[WhiteElo "1529"]
[BlackElo "1490"]
[Opening "Grünfeld: exchange variation"]
[ECO "D85"]
[Time "15:00:49"]
[TimeControl "2700+45"]

1. d4 Nf6 2. c4 g6 3. Nc3 d5 4. cxd5 Nxd5 5. e3 Bg7 6. Bc4 Nxc3 7. bxc3 c5 8.
Nf3 O-O 9. O-O Nc6 10. Ba3 cxd4 11. cxd4 Qa5 12. Qb3 Bg4 13. Bd5 Qc7 14. Rac1
Qd7 15. Ng5 Nd8 16. f3 Be6 17. Nxe6 Nxe6 18. Bxe6 fxe6 19. Rc4 Rac8 20. Rfc1 Bf6
21. Qc2 Rxc4 22. Qxc4 Kf7 23. g4 Re8 24. f4 h6 25. Qc7 Qa4 26. Qc5 Rd8 27. g5
Rd5 28. gxf6 Rxc5 29. Bxc5 exf6 30. a3 Qb3 31. Re1 b6 32. Bb4 a5 33. Bd2 Qxa3
34. Kf2 Qb2 35. Ke2 Ke8 36. Kd3 Qb5+ 37. Kc2 Qa4+ 38. Kd3 Qb3+ 39. Bc3 b5 40.
Kd2 b4 41. Ba1 Qa2+ 42. Kd3 b3 {White resigns} 0-1

[Event "Team 45 45 League T54"]
[Site "Internet Chess Club"]
[Date "2012.09.09"]
[Round "4"]
[White "XGG123"]
[Black "Conjurer"]
[Result "0-1"]
[WhiteElo "1364"]
[BlackElo "1518"]
[Opening "Sicilian: Nimzovich-Rossolimo attack (with ...g6, without ...d6)"]
[ECO "B31"]
[Time "20:01:24"]
[TimeControl "2700+45"]

1. e4 c5 2. Nf3 Nc6 3. Bb5 g6 4. Bxc6 dxc6 5. O-O Bg7 6. d3 Bg4 7. Nc3 Nf6 8.
Be3 Nd7 9. Qd2 O-O 10. Bh6 Bxf3 11. gxf3 Ne5 12. Bxg7 Nxf3+ 13. Kh1 Nxd2 14.
Bxf8 Nxf1 15. Rxf1 Kxf8 16. f4 f5 17. exf5 gxf5 18. Rg1 e6 19. Nd1 Qd5+ 20. Rg2
Qf3 21. Nf2 Kf7 22. Kg1 Rg8 23. Rxg8 Kxg8 24. Kf1 Qxf4 25. h3 Qc1+ 26. Kg2 Qxc2
{White resigns} 0-1

[Event "Team 45 45 League T54"]
[Site "Internet Chess Club"]
[Date "2012.09.12"]
[Round "4"]
[White "Check101"]
[Black "hi12980"]
[Result "1-0"]
[WhiteElo "1545"]
[BlackElo "1605"]
[Opening "Sicilian"]
[ECO "B50"]
[Time "22:09:10"]
[TimeControl "2700+45"]

1. e4 c5 2. Nf3 d6 3. c3 Nf6 4. e5 dxe5 5. Nxe5 Qd6 6. Bb5+ Nbd7 7. d4 cxd4 8.
cxd4 a6 9. Bc4 Nxe5 10. dxe5 Qxe5+ 11. Be3 Qxb2 12. O-O e6 13. Nd2 Be7 14. Rb1
Qe5 15. Nf3 Qc7 16. Rc1 Qa5 17. Qb3 O-O 18. Bb6 Qb4 19. Qe3 Bd7 20. Rfd1 Bc6 21.
Ne5 Bd5 22. Bd4 b5 23. Bxd5 Nxd5 24. Qg3 Bf6 25. Nc6 Qa4 26. Bxf6 Nxf6 27. a3
Kh8 28. Rd4 Ne4 29. Qd3 Qxd4 30. Qxd4 Nf6 31. g4 Rac8 32. g5 Nd5 33. h4 Ne7 34.
Qb6 Nxc6 35. Rxc6 Ra8 36. Qd4 Kg8 37. h5 Rfd8 38. Qc3 Rd1+ 39. Kg2 Rd5 40. Rc8+
Rxc8 41. Qxc8+ Rd8 42. Qxd8# {Black checkmated} 1-0

[Event "Team 45 45 League T54"]
[Site "Internet Chess Club"]
[Date "2012.09.06"]
[Round "4"]
[White "browndeer"]
[Black "seattleblues"]
[Result "1-0"]
[WhiteElo "1435"]
[BlackElo "1340"]
[Opening "Caro-Kann: advance variation"]
[ECO "B12"]
[Time "21:37:37"]
[TimeControl "2700+45"]

1. e4 c6 2. d4 d5 3. e5 c5 4. c3 Nc6 5. Nf3 Bg4 6. Be3 e6 7. Be2 Nge7 8. O-O Nf5
9. h3 cxd4 10. cxd4 Nxe3 11. fxe3 Bh5 12. Nc3 Rc8 13. a3 Be7 14. Qd3 O-O 15.
Rac1 Na5 16. Na4 Bg6 17. Qd2 Rxc1 18. Qxc1 Qd7 19. Nc5 Bxc5 20. Qxc5 b6 21. Qc3
Rc8 22. Qb4 Rc2 23. Bd1 Rc4 24. Qd2 Qd8 25. b4 Nb7 26. Bb3 Rc7 27. Rc1 a5 28.
Kh2 axb4 29. axb4 h6 30. Rc3 Qc8 31. Rxc7 Qxc7 32. Nh4 Bh7 33. Nf3 Nd8 34. Ba4
Qb8 35. Qc3 b5 36. Bb3 Qa8 37. Qb2 Nc6 38. Qc3 Qc8 39. Ne1 Ne7 40. Qxc8+ Nxc8
41. Bc2 Ne7 42. Bxh7+ Kxh7 43. Nc2 Nc8 44. g4 Kg6 45. Kg3 f5 46. exf6 gxf6 47.
Na3 Nd6 48. Kf4 Kg7 49. Nb1 Nc4 50. Nc3 Na3 51. h4 Kg6 52. h5+ Kg7 53. e4 Nc2
54. exd5 exd5 55. Nxd5 Nxd4 56. Ke4 Nc2 57. Kd3 Na3 58. Kd4 Kf7 59. Kc5 Ke6 60.
Nc7+ Ke5 61. Nxb5 Nxb5 62. Kxb5 Kf4 63. Kc6 Kxg4 64. b5 f5 65. b6 f4 66. b7 f3
67. b8=Q f2 68. Qb1 Kg3 69. Qf1 {Black resigns} 1-0

[Event "Team 45 45 League T54"]
[Site "Internet Chess Club"]
[Date "2012.09.08"]
[Round "4"]
[White "BrerRabbit"]
[Black "chesskix"]
[Result "0-1"]
[WhiteElo "1472"]
[BlackElo "1474"]
[Opening "English: Anglo-Dutch defense"]
[ECO "A10"]
[Time "19:03:56"]
[TimeControl "2700+45"]

1. c4 f5 2. g3 Nf6 3. Bg2 e6 4. Nf3 Be7 5. O-O O-O 6. d3 Nc6 7. Nc3 d6 8. e4 e5
9. Re1 Qe8 10. Nd5 Nxd5 11. cxd5 Nd8 12. Bd2 Nf7 13. Qc2 fxe4 14. dxe4 c5 15.
dxc6 bxc6 16. Rac1 c5 17. b4 Be6 18. bxc5 Rc8 19. Qb2 dxc5 20. Bc3 Ng5 21. Nxe5
Nh3+ 22. Bxh3 Bxh3 23. Nd3 Bf6 24. Bxf6 Rxf6 25. Rxc5 Rxc5 26. Nxc5 Rb6 27. Qe2
h5 28. e5 Qc6 29. Ne4 Qg6 30. Nd6 Rb1 31. Ne4 Rxe1+ 32. Qxe1 Qc6 33. Qe2 Qc1+
{White resigns} 0-1

[Event "Team 45 45 League T54"]
[Site "Internet Chess Club"]
[Date "2012.09.09"]
[Round "4"]
[White "KidRattler"]
[Black "matthewc"]
[Result "1/2-1/2"]
[WhiteElo "1448"]
[BlackElo "1375"]
[Opening "English: Bremen, Smyslov system"]
[ECO "A22"]
[Time "18:06:34"]
[TimeControl "2700+45"]

1. c4 e5 2. Nc3 Nf6 3. g3 Bb4 4. Bg2 c6 5. e4 Bxc3 6. dxc3 d5 7. cxd5 cxd5 8.
exd5 O-O 9. Bg5 e4 10. Bxe4 Re8 11. Qd3 Qb6 12. Bxf6 Qxf6 13. O-O-O Nd7 14. Re1
g6 15. f3 Nc5 16. Qd4 Nxe4 17. Rxe4 Qd8 18. Rxe8+ Qxe8 19. Kd2 Bf5 20. Ne2 Qb5
21. c4 Qa4 22. Nc3 Qc2+ 23. Ke3 Re8+ 24. Ne4 Bxe4 25. fxe4 Qg2 26. Rd1 Qxh2 27.
Kd3 Qxg3+ 28. Qe3 Qe5 29. Qd4 Qg3+ 30. Qe3 Qxe3+ 31. Kxe3 f5 32. Rd4 fxe4 33.
Rxe4 Rxe4+ 34. Kxe4 Kf7 35. b4 Ke7 36. a4 a6 37. c5 Kd7 38. Ke5 h5 39. Kf4 h4
40. Kf3 g5 41. Kg4 Kc7 42. b5 axb5 43. axb5 Kd7 44. b6 Kc8 45. c6 bxc6 46. dxc6
Kb8 47. c7+ Kc8 48. Kh3 Kb7 49. Kg4 {Game drawn by mutual agreement} 1/2-1/2

[Event "Team 45 45 League T54"]
[Site "Internet Chess Club"]
[Date "2012.09.09"]
[Round "4"]
[White "JRussell2"]
[Black "monkhammer"]
[Result "0-1"]
[WhiteElo "1424"]
[BlackElo "1428"]
[Opening "Ruy Lopez: Marshall counter-attack"]
[ECO "C89"]
[Time "18:02:05"]
[TimeControl "2700+45"]

1. e4 e5 2. Nf3 Nc6 3. Bb5 a6 4. Ba4 Be7 5. O-O Nf6 6. Re1 b5 7. Bb3 O-O 8. c3
d5 9. exd5 Nxd5 10. Nxe5 Nxe5 11. Rxe5 Bb7 12. d4 Bd6 13. Rxd5 Bxd5 14. Bxd5
Bxh2+ 15. Kxh2 Qxd5 16. Nd2 Rfe8 17. Nf3 Re6 18. Be3 Rae8 19. Kg1 Rg6 20. Kf1
Qh5 21. Ke2 Rxg2 22. Kd3 Qf5+ 23. Kd2 c5 24. Nh4 Rxf2+ 25. Bxf2 Qxf2+ 26. Kd3
Re3# {White checkmated} 0-1

[Event "Team 45 45 League T54"]
[Site "Internet Chess Club"]
[Date "2012.09.10"]
[Round "4"]
[White "bowwrestler"]
[Black "PsyMar"]
[Result "0-1"]
[WhiteElo "1201"]
[BlackElo "1335"]
[Opening "French: Winawer, advance variation"]
[ECO "C17"]
[Time "14:29:39"]
[TimeControl "2700+45"]

1. e4 e6 2. d4 d5 3. Nc3 Bb4 4. e5 c5 5. Bb5+ Nc6 6. Ne2 a6 7. Bxc6+ bxc6 8.
dxc5 Bxc5 9. Bf4 Ne7 10. O-O Ng6 11. Qd2 O-O 12. Rfe1 Rb8 13. Na4 Bb4 14. c3 Ba5
15. b4 Bc7 16. Nc5 Nxe5 17. Bxe5 Bxe5 18. Nd4 Bxd4 19. Qxd4 Re8 20. a4 Qf6 21.
Qd3 e5 22. Rab1 Bf5 23. Qe2 Bxb1 24. Rxb1 a5 25. Nd7 Qf5 26. Nxb8 Qxb1+ 27. Qf1
Qxf1+ 28. Kxf1 Rxb8 29. bxa5 Ra8 30. Ke2 Rxa5 31. Kd3 Rxa4 32. h3 h5 33. g3 g5
34. h4 gxh4 35. gxh4 Rxh4 36. f3 f5 37. Ke3 Rc4 38. Kd3 h4 39. Ke2 Rxc3 40. Kf2
Kg7 41. Kg2 Kg6 42. Kf2 Kg5 43. Kg2 Kf4 44. Kh3 Rxf3+ 45. Kxh4 c5 46. Kh5 c4 47.
Kg6 c3 48. Kf6 c2 49. Ke6 d4 50. Kd5 c1=Q 51. Ke6 Rh3 52. Kd5 Rh5 53. Kd6 Qc4
54. Kd7 Rh6 55. Ke7 Qc7+ 56. Kf8 Rh8# {White checkmated} 0-1

[Event "Team 45 45 League T54"]
[Site "Internet Chess Club"]
[Date "2012.09.08"]
[Round "4"]
[White "oldsj"]
[Black "drsigmund1"]
[Result "0-1"]
[WhiteElo "1635"]
[BlackElo "1570"]
[Opening "Ruy Lopez: 5.O-O"]
[ECO "C78"]
[Time "16:00:34"]
[TimeControl "2700+45"]

1. e4 e5 2. Nf3 Nc6 3. Bb5 a6 4. Ba4 Nf6 5. O-O b5 6. Bb3 Bc5 7. c3 d6 8. d4
exd4 9. cxd4 Bb6 10. Re1 O-O 11. Bg5 h6 12. Bh4 g5 13. Bg3 Bg4 14. d5 Nd4 15.
Nbd2 Ba5 16. Re3 Bb6 17. Rd3 Re8 18. h3 Nxf3+ 19. gxf3 Bxh3 20. f4 g4 21. e5 Nh5
22. Kh2 Nxg3 23. fxg3 dxe5 24. fxe5 Rxe5 25. Nf3 Qf6 26. Qd2 Rf5 27. d6 Rxf3 28.
Bxf7+ Kxf7 29. Rxf3 Qxf3 30. Qf4+ Qxf4 31. gxf4 cxd6 32. Rd1 Rd8 33. Rd5 Be3 34.
f5 Bf4+ 35. Kg1 Rc8 {White resigns} 0-1

[Event "Team 45 45 League T54"]
[Site "Internet Chess Club"]
[Date "2012.09.10"]
[Round "4"]
[White "nosir"]
[Black "Tjet"]
[Result "1/2-1/2"]
[WhiteElo "1512"]
[BlackElo "1435"]
[Opening "King's pawn opening"]
[ECO "B07"]
[Time "19:01:17"]
[TimeControl "2700+45"]

1. e4 d6 2. d3 e5 3. Nf3 Bg4 4. g3 Bxf3 5. Qxf3 Qf6 6. Qe2 g6 7. Nd2 Bh6 8. Nf3
Bxc1 9. Rxc1 Nc6 10. c3 O-O-O 11. Bg2 Kb8 12. O-O h5 13. h4 Qe7 14. d4 Rf8 15.
b4 f6 16. dxe5 fxe5 17. Ng5 Nh6 18. Qc4 Nd8 19. Bh3 Ng4 20. a4 Rf6 21. a5 Rhf8
22. Rc2 Ne6 {Game drawn by mutual agreement} 1/2-1/2

[Event "Team 45 45 League T54"]
[Site "Internet Chess Club"]
[Date "2012.09.10"]
[Round "4"]
[White "stanbeers"]
[Black "dscvdchk"]
[Result "1-0"]
[WhiteElo "1424"]
[BlackElo "1523"]
[Opening "Grünfeld: Spassky variation, main line, 10...cd, 11.cd"]
[ECO "D88"]
[Time "20:00:56"]
[TimeControl "2700+45"]

1. d4 Nf6 2. c4 g6 3. Nc3 d5 4. cxd5 Nxd5 5. e4 Nxc3 6. bxc3 Bg7 7. Bc4 c5 8.
Ne2 O-O 9. O-O Nc6 10. Be3 cxd4 11. cxd4 Qa5 12. Rb1 Bg4 13. f3 Bc8 14. Bd2 Qh5
15. Rb5 Qh4 16. Be1 Qf6 17. Bc3 Qd6 18. e5 Qc7 19. Nf4 {Black disconnected}

[Event "Team 45 45 League T54"]
[Site "Internet Chess Club"]
[Date "2012.09.08"]
[Round "4"]
[White "lawth3"]
[Black "Fogbound"]
[Result "0-1"]
[WhiteElo "1253"]
[BlackElo "1256"]
[Opening "QGD: Albin counter-gambit"]
[ECO "D08"]
[Time "09:00:37"]
[TimeControl "2700+45"]

1. d4 d5 2. c4 e5 3. dxe5 d4 4. Nf3 Nc6 5. e3 Bb4+ 6. Ke2 Bg4 7. h3 d3+ 8. Qxd3
Qxd3+ 9. Kxd3 O-O-O+ 10. Nd4 Nxe5+ 11. Ke4 Nf6+ 12. Kxe5 Rhe8+ 13. Kf4 Bd6+ 14.
Kg5 h6+ 15. Kh4 g5# {White checkmated} 0-1

[Event "Team 45 45 League T54"]
[Site "Internet Chess Club"]
[Date "2012.09.09"]
[Round "4"]
[White "parrot9"]
[Black "vollmerj"]
[Result "1-0"]
[WhiteElo "1646"]
[BlackElo "1739"]
[Opening "Robatsch (modern) defense"]
[ECO "B07"]
[Time "08:23:21"]
[TimeControl "2700+45"]

1. e4 d6 2. d4 g6 3. Nc3 Bg7 4. Be3 Nf6 5. f3 O-O 6. Qd2 Nbd7 7. O-O-O Nb6 8. g4
c6 9. h4 Be6 10. h5 Nc4 11. Bxc4 Bxc4 12. hxg6 fxg6 13. Bh6 Rf7 14. Bxg7 Rxg7
15. Nge2 a5 16. d5 cxd5 17. exd5 b5 18. Nf4 Qd7 19. b3 b4 20. Na4 Bb5 21. Nb6
Qb7 22. Nxa8 Qxa8 23. Ne6 Rf7 24. Qd4 Nd7 25. Rh6 Ne5 26. Rdh1 Nxf3 27. Rxg6+
hxg6 28. Qh8# {Black checkmated} 1-0

[Event "Team 45 45 League T54"]
[Site "Internet Chess Club"]
[Date "2012.09.09"]
[Round "4"]
[White "Lee-D"]
[Black "caglar"]
[Result "0-1"]
[WhiteElo "1386"]
[BlackElo "1448"]
[Opening "Torre attack (Tartakower variation)"]
[ECO "D03"]
[Time "10:00:29"]
[TimeControl "2700+45"]

1. d4 d5 2. Nf3 Nf6 3. Bg5 e6 4. c3 Be7 5. e3 h6 6. Bh4 Nbd7 7. Nbd2 O-O 8. Bd3
c5 9. O-O b6 10. Rc1 Bb7 11. Re1 Nh7 12. Bxe7 Qxe7 13. Bb1 e5 14. dxe5 Nxe5 15.
Nxe5 Qxe5 16. Nf3 Qh5 17. Qc2 Nf6 18. Qf5 Qxf5 19. Bxf5 Rfe8 20. Nd2 g6 21. Bc2
Re5 22. Nf3 Re7 23. Ba4 a6 24. Bc2 Rae8 25. Re2 d4 26. cxd4 Bxf3 27. gxf3 cxd4
28. e4 Nd5 29. Rd2 Nf4 30. Bd3 Re5 31. Bxa6 Ra5 32. Bc4 d3 33. Bxd3 Rd8 34. Rcd1
Rxa2 35. Bc4 Rxd2 36. Rxd2 Ra1+ 37. Bf1 Nh3+ 38. Kg2 Nf4+ 39. Kg3 g5 40. Kg4
Rxf1 41. Kf5 Kg7 42. h4 Nh3 43. hxg5 Nxg5 44. f4 Nf3 45. Rd6 b5 46. e5 Rg1 47.
Ke4 Nh4 48. f5 Rg4+ 49. f4 Ng2 50. f6+ Kg6 51. Kf3 h5 52. Rd8 Kf5 53. Rh8 Nxf4
54. Rb8 Kxe5 55. Rxb5+ Kxf6 56. Rxh5 Nxh5 57. Kxg4 Ng7 58. b4 Ne6 59. b5 Ke5 60.
b6 Nc5 61. Kf3 f5 62. Ke3 f4+ 63. Kf3 Kf5 64. Kf2 Ke4 65. Ke2 Nb7 66. Kf1 Kf3
{White resigns} 0-1

[Event "Team 45 45 League T54"]
[Site "Internet Chess Club"]
[Date "2012.09.08"]
[Round "4"]
[White "nursey"]
[Black "jantonio"]
[Result "0-1"]
[WhiteElo "1639"]
[BlackElo "1544"]
[Opening "Pirc: classical system, 5.Be2"]
[ECO "B08"]
[Time "15:04:31"]
[TimeControl "2700+45"]

1. e4 d6 2. d4 Nf6 3. Nc3 g6 4. Nf3 Bg7 5. Be2 O-O 6. O-O c6 7. Bg5 Nbd7 8. Re1
b5 9. a4 b4 10. e5 bxc3 11. exf6 exf6 12. Bc1 cxb2 13. Bxb2 a5 14. c4 f5 15. Rb1
Re8 16. d5 Bxb2 17. Rxb2 Qf6 18. Qb1 c5 19. Qc2 Ba6 20. Qd2 Rab8 21. Rxb8 Rxb8
22. Qxa5 Rb6 23. Bd3 Kf8 24. h3 h5 25. Re2 Qd8 26. Qc3 Qf6 27. a5 Qxc3 {White
resigns} 0-1

[Event "Team 45 45 League T54"]
[Site "Internet Chess Club"]
[Date "2012.09.10"]
[Round "4"]
[White "gandre"]
[Black "oldprez"]
[Result "1-0"]
[WhiteElo "1716"]
[BlackElo "1361"]
[Opening "King's Indian: London system"]
[ECO "A45"]
[Time "18:00:36"]
[TimeControl "2700+45"]

1. d4 Nf6 2. Bf4 g6 3. Nf3 Bg7 4. e3 O-O 5. Be2 d6 6. O-O Nbd7 7. h3 c5 8. c4
cxd4 9. exd4 Ne4 10. Ng5 e5 11. Nxe4 exf4 12. Nxd6 Nb6 13. c5 Nd5 14. Na3 b6 15.
Qd2 bxc5 16. dxc5 Be6 17. Bf3 Qg5 18. Rad1 Rab8 19. Bxd5 Rxb2 20. Qd3 Bxd5 21.
Qxd5 Qxd5 22. Rxd5 Rxa2 23. Nac4 Rd8 24. Rfd1 Rd7 25. Nf5 Rc7 26. Nxg7 Kxg7 27.
Rc1 Kf6 28. Rd6+ Ke7 29. c6 Ra6 30. Re1+ Kf8 31. Ne5 f6 32. Rxf6+ Kg7 33. Rxf4
Rb6 34. Rd4 a5 35. Red1 Kf6 36. Nd7+ {Black resigns} 1-0

[Event "Team 45 45 League T54"]
[Site "Internet Chess Club"]
[Date "2012.09.09"]
[Round "4"]
[White "SeniorCitizen"]
[Black "jotap"]
[Result "0-1"]
[WhiteElo "1321"]
[BlackElo "1639"]
[Opening "Danish gambit"]
[ECO "C21"]
[Time "08:00:09"]
[TimeControl "2700+45"]

1. e4 e5 2. d4 exd4 3. c3 c5 4. Nf3 Nc6 5. Bc4 h6 6. O-O Be7 7. cxd4 d6 8. dxc5
dxc5 9. Qxd8+ Bxd8 10. Bd2 Nge7 11. Bc3 O-O 12. Nbd2 Ng6 13. Rfe1 Bc7 14. Rad1
Bg4 15. h3 Bxf3 16. Nxf3 Rad8 17. Kf1 Nce5 18. Nxe5 Nxe5 19. Bxe5 Bxe5 20. b3
Bd4 21. g3 Rd6 22. Rd3 Rfd8 23. Red1 Rf6 24. f4 Re8 25. Re1 h5 26. h4 a6 27. a4
Re7 28. Kg2 Rg6 29. Rf3 Kh7 30. e5 Rb6 31. Re4 Rb4 32. Kh3 b5 33. axb5 axb5 34.
Bd5 Rd7 35. e6 fxe6 36. Bxe6 Ra7 37. g4 hxg4+ 38. Kxg4 Ra8 39. h5 Rd8 40. Bf5+
Kh8 41. Be6 c4 42. bxc4 bxc4 43. f5 c3 44. Rxc3 Bxc3 {White resigns} 0-1

[Event "Team 45 45 League T54"]
[Site "Internet Chess Club"]
[Date "2012.09.10"]
[Round "4"]
[White "Megasus"]
[Black "Cicero"]
[Result "1-0"]
[WhiteElo "1503"]
[BlackElo "1320"]
[Opening "Réti opening"]
[ECO "A06"]
[Time "13:05:09"]
[TimeControl "2700+45"]

1. Nf3 d5 2. e3 Nc6 3. c3 e5 4. Qa4 Bd7 5. Qb3 e4 6. Nd4 Nxd4 7. cxd4 Rb8 8.
Qxd5 c6 9. Qxe4+ Be7 10. a3 Nf6 11. Qc2 O-O 12. h3 Re8 13. Be2 Qc8 14. b4 b5 15.
Bb2 Bf5 16. d3 Rb6 17. Nd2 Qd7 18. Bf3 Rc8 19. e4 Be6 20. Nb3 Bxb3 21. Qxb3 c5
22. d5 c4 23. dxc4 bxc4 24. Qc3 Re8 25. O-O Nxe4 26. Qxg7# {Black checkmated}
1-0

[Event "Team 45 45 League T54"]
[Site "Internet Chess Club"]
[Date "2012.09.11"]
[Round "4"]
[White "QueensCounselor"]
[Black "NFork"]
[Result "0-1"]
[WhiteElo "2076"]
[BlackElo "2245"]
[Opening "Caro-Kann: exchange variation"]
[ECO "B13"]
[Time "12:21:10"]
[TimeControl "2700+45"]

1. e4 c6 2. d4 d5 3. exd5 cxd5 4. Bd3 Nc6 5. c3 Qc7 6. Ne2 Bg4 7. f3 Bd7 8. Bf4
e5 9. dxe5 Nxe5 10. O-O Bd6 11. Nd4 Ne7 12. Na3 a6 13. Nac2 O-O 14. Qd2 N7g6 15.
Bg3 Nxd3 16. Qxd3 Bxg3 17. hxg3 Qxg3 18. Ne2 Qg5 19. Rad1 Rfe8 20. Qd2 Qxd2 21.
Rxd2 Bc6 22. Ncd4 Ne5 23. b3 g6 24. Kf2 Rac8 25. Re1 Nd7 26. Nf4 Rxe1 27. Kxe1
Nf6 28. Re2 Kf8 29. Kf2 Bd7 30. Re3 Re8 31. Rxe8+ Kxe8 32. Ke3 Ke7 33. Nd3 Kd6
34. Kf4 h6 35. Ke3 Ne8 36. a3 Ng7 37. g4 f5 38. gxf5 Nxf5+ 39. Nxf5+ Bxf5 40.
Nf4 g5 41. Ne2 h5 42. Nd4 Ke5 43. Kf2 h4 44. b4 Bd7 45. Ne2 g4 46. fxg4 Bxg4 47.
Nd4 Kf4 48. Nc2 Bf3 49. Ne1 Be4 {White resigns} 0-1

[Event "Team 45 45 League T54"]
[Site "Internet Chess Club"]
[Date "2012.09.09"]
[Round "4"]
[White "Logos1"]
[Black "fledermaus"]
[Result "0-1"]
[WhiteElo "1939"]
[BlackElo "2002"]
[Opening "Sicilian: Anderssen variation"]
[ECO "B41"]
[Time "17:31:26"]
[TimeControl "2700+45"]

1. e4 c5 2. Nf3 e6 3. d4 cxd4 4. Nxd4 Nf6 5. Bd3 Nc6 6. Nxc6 dxc6 7. O-O e5 8.
Qf3 Be6 9. Qg3 Qc7 10. Be3 Ng4 11. Bd2 h5 12. h3 h4 13. Qf3 Nf6 14. Na3 O-O-O
15. Be3 Kb8 16. Nc4 Be7 17. Nxe5 Nh5 18. Nc4 g5 19. Rfe1 Rdg8 20. Qd1 g4 21.
hxg4 Bxg4 22. Be2 Bh3 23. Bf1 Bxg2 24. Bxg2 h3 25. Qf3 hxg2 26. e5 Nf4 {White
resigns} 0-1

[Event "Team 45 45 League T54"]
[Site "Internet Chess Club"]
[Date "2012.09.08"]
[Round "4"]
[White "fishhead"]
[Black "kasperloff"]
[Result "1-0"]
[WhiteElo "1734"]
[BlackElo "1800"]
[Opening "Caro-Kann: two knights, 3...Bg4"]
[ECO "B10"]
[Time "14:00:48"]
[TimeControl "2700+45"]

1. e4 c6 2. Nf3 d5 3. Nc3 Bg4 4. h3 Bxf3 5. Qxf3 Nf6 6. d3 e6 7. g4 h6 8. Bg2
Bb4 9. e5 Nfd7 10. Bf4 d4 11. a3 Qa5 12. O-O Bxc3 13. bxc3 dxc3 14. d4 O-O 15.
g5 hxg5 16. Bxg5 f6 17. Qh5 fxg5 18. Be4 Nf6 19. exf6 Rxf6 20. Qe8+ Rf8 21.
Qxe6+ Kh8 22. Qg6 Kg8 23. Qh7+ Kf7 24. Bg6+ Kf6 25. Bh5 Qf5 26. Qxf5+ Kxf5 27.
Rab1 b6 28. Rfe1 Kf6 29. Rb3 Nd7 30. Rxc3 g6 31. Rxc6+ Kg7 32. Rxg6+ {Black
resigns} 1-0

[Event "Team 45 45 League T54"]
[Site "Internet Chess Club"]
[Date "2012.09.08"]
[Round "4"]
[White "egyptiantiger"]
[Black "CHENENE"]
[Result "1/2-1/2"]
[WhiteElo "2087"]
[BlackElo "1614"]
[Opening "King's Indian: Semi-Averbakh system"]
[ECO "E73"]
[Time "17:25:20"]
[TimeControl "2700+45"]

1. d4 Nf6 2. c4 g6 3. Nc3 Bg7 4. e4 d6 5. Be2 O-O 6. Be3 e5 7. d5 a5 8. Qd2 b6
9. Bh6 Na6 10. h4 Nc5 11. Bxg7 Kxg7 12. Qe3 h5 13. f3 Bd7 14. Nh3 Qe7 15. O-O-O
Rh8 16. Rdf1 Rac8 17. Ng5 c6 18. f4 cxd5 19. fxe5 Qxe5 20. Rxf6 Qxf6 21. Rf1 d4
22. Qg1 Bf5 23. Nd5 Qe5 24. exf5 f6 {Game drawn by mutual agreement} 1/2-1/2

[Event "Team 45 45 League T54"]
[Site "Internet Chess Club"]
[Date "2012.09.10"]
[Round "4"]
[White "NAN"]
[Black "barbak"]
[Result "1/2-1/2"]
[WhiteElo "1944"]
[BlackElo "1916"]
[Opening "QGD: Tarrasch defense"]
[ECO "D32"]
[Time "15:09:28"]
[TimeControl "2700+45"]

1. d4 d5 2. c4 e6 3. Nc3 c5 4. Nf3 cxd4 5. Nxd4 e5 6. Nf3 d4 7. Nd5 Nc6 8. e4
Nf6 9. Bd3 Be7 10. O-O O-O 11. h3 Be6 12. a3 a5 13. Kh2 Nd7 14. b3 Nc5 15. g4 a4
16. b4 Nb3 17. Rb1 Nxc1 18. Qxc1 Bf6 19. Rg1 g5 20. Nd2 Kg7 21. Nf1 Kg6 22. Qd1
Bd7 23. Qf3 Bg7 24. Ng3 Ne7 25. Kg2 Rh8 26. Rh1 f6 27. h4 h6 28. Nh5 Rf8 29. Qg3
Bh8 30. b5 b6 31. Qh3 Kf7 32. hxg5 fxg5 33. Ng3 Bg7 34. Nf5 Bxf5 35. gxf5 Nxd5
36. cxd5 Rc8 37. Rhc1 Rxc1 38. Rxc1 Kg8 39. Rc6 Rf6 40. Bc2 Bf8 41. Bxa4 Bd6 42.
Bd1 Kg7 43. Qb3 Be7 44. Bh5 Bd6 45. Qa4 Bc7 46. Qc4 Rxc6 47. Qxc6 Bd6 48. a4 Kf6
49. a5 bxa5 50. b6 a4 51. Bd1 a3 52. Bb3 Ke7 53. Kf3 Qb8 54. f6+ Kxf6 55. Qd7
Qxb6 56. Qe6+ Kg7 57. Ba4 Qb4 58. Be8 Qc3+ 59. Kg2 Qc7 60. Qg6+ Kf8 61. Bc6 Qe7
62. Qxh6+ Kg8 63. Qg6+ Kf8 64. Qh6+ Kg8 {Game drawn by mutual agreement} 1/2-1/2

[Event "Team 45 45 League T54"]
[Site "Internet Chess Club"]
[Date "2012.09.10"]
[Round "4"]
[White "infiniteshug"]
[Black "RedAttack"]
[Result "0-1"]
[WhiteElo "1942"]
[BlackElo "1882"]
[Opening "Sicilian: closed"]
[ECO "B23"]
[Time "11:00:33"]
[TimeControl "2700+45"]

1. e4 c5 2. Nc3 d6 3. f4 Nc6 4. Nf3 g6 5. Bb5 Bd7 6. O-O Bg7 7. Bxc6 Bxc6 8. d3
Qb6 9. Qe1 Nf6 10. Qh4 c4+ 11. Kh1 cxd3 12. cxd3 Nh5 13. g4 Nf6 14. f5 O-O-O 15.
Bd2 Qxb2 16. Rfc1 Rd7 17. Rab1 Qa3 18. Kg2 Rc7 19. Nd4 Qa6 20. Ndb5 Bxb5 21.
Nxb5 Rxc1 22. Rxc1+ Kb8 23. Rb1 Qxa2 24. Qf2 Nd7 25. Qe1 Rc8 26. Kh1 Rc2 27. Bf4
Be5 28. Bxe5 Nxe5 29. Qg1 b6 30. Nd4 Rxh2+ 31. Qxh2 Qxb1+ 32. Qg1 Qxg1+ 33. Kxg1
gxf5 34. Nxf5 Nxd3 35. Nxe7 Nc5 36. Kf2 Nxe4+ 37. Ke3 Nc5 38. Kd4 Kc7 39. Nd5+
Kc6 40. Ne7+ Kb5 41. Nd5 a5 42. Nc3+ Kc6 43. Kc4 Ne6 44. Ne4 d5+ 45. Kd3 dxe4+
46. Kxe4 a4 47. Kf5 {White resigns} 0-1

[Event "Team 45 45 League T54"]
[Site "Internet Chess Club"]
[Date "2012.09.07"]
[Round "4"]
[White "frank001"]
[Black "CapitanTrueno"]
[Result "0-1"]
[WhiteElo "1763"]
[BlackElo "1814"]
[Opening "Scotch: Mieses variation"]
[ECO "C45"]
[Time "03:03:17"]
[TimeControl "2700+45"]

1. e4 e5 2. Nf3 Nc6 3. d4 exd4 4. Nxd4 Nf6 5. Nxc6 bxc6 6. e5 Qe7 7. Qe2 Nd5 8.
c4 Ba6 9. b3 g5 10. g3 Bg7 11. Bb2 O-O-O 12. Nd2 Rde8 13. O-O-O Kb8 14. Kb1 Qe6
15. Qe4 Ne7 16. h4 g4 17. Bd3 Ng6 18. Rhe1 Nxe5 19. Bxe5 Bxe5 20. Qf5 Qxf5 21.
Bxf5 Bc8 22. Bxg4 Bd4 23. Rf1 h5 24. Bf3 Re5 25. Ne4 c5 26. Ng5 Rf5 27. Bg4 hxg4
{White resigns} 0-1